 Dungeon Crawl Stone Soup version 0.17-a0-2122-g03d97ec (webtiles) character file.

21 esc the Insei (level 2, 0/18 HPs)
             Began as an Octopode Transmuter on Oct 21, 2015.
             Succumbed to an adder's poison
             ... on level 2 of the Dungeon.
             The game lasted 00:02:10 (759 turns).

esc the Insei (Octopode Transmuter)                  Turns: 759, Time: 00:02:10

Health: 0/18       AC:  1    Str:  9    XL:     2   Next: 83%
Magic:  5/5        EV: 12    Int: 15    God:
Gold:   16         SH:  0    Dex: 12    Spells: 1 memorised, 4 levels left

rFire  . . .     SeeInvis .       - Unarmed
rCold  . . .     Clarity  .     (no shield)
rNeg   . . .     SustAt   .     (helmet restricted)
rPois  .         Gourm    .     g - amulet of rage {+Rage, !d}
rElec  .         Spirit   .     (no ring)
rCorr  .         Warding  .     (no ring)
rMut   .         Stasis   .     (no ring)
MR     .....                    (no ring)
Stlth  ++........               (no ring)
                                (no ring)
                                (no ring)
                                (no ring)

@: lethally poisoned (0 -> -3), not resistant to hostile enchantments,
unstealthy
A: almost no armour, amphibious, 8 rings, constrict 8, camouflage 1, gelatinous
body 1
a: Evoke Berserk Rage


You were on level 2 of the Dungeon.
You were not hungry.

You visited 1 branch of the dungeon, and saw 2 of its levels.

You collected 16 gold pieces.

Inventory:

Missiles
 a - 41 arrows
Jewellery
 g - an amulet of rage (around mantle) {+Rage, !d}
   (You found it on level 1 of the Dungeon)
Scrolls
 e - a scroll of noise {!r}
Books
 b - a book of Changes
Comestibles
 c - a bread ration {@e1}
 h - a meat ration {@e2}


   Skills:
 + Level 1.4 Fighting
 + Level 2.2 Dodging
 + Level 3.2 Unarmed Combat
 + Level 2.3 Spellcasting
 + Level 2.2 Transmutations


You had 4 spell levels left.
You knew the following spells:

 Your Spells              Type           Power        Failure   Level  Hunger
a - Beastly Appendage     Trmt           #.....       12%         1    #......


Dungeon Overview and Level Annotations

Branches:
Dungeon (2/15)

Altars:


Innate Abilities, Weirdness & Mutations

You cannot wear most types of armour.
You are amphibious.
You can wear up to eight rings at the same time.
You can use your tentacles to constrict eight enemies at once.
Your skin changes colour to match your surroundings (Stealth).
Your rubbery body absorbs attacks (AC +1).


Message History

The helpless bat fails to defend itself.
You tentacle-slap the bat. Your grab misses the bat.
Your tentacle-slap misses the bat.
The bat hits you. The bat completely misses you. The bat misses you.
You take 1 damage, and have 17/18 hp.
You closely miss the bat. Your grab misses the bat. The bat misses you.
Some of the chunks of flesh in your inventory have rotted away.
The bat hits you but does no damage. The bat barely misses you.
Health restored: 18 You tentacle-slap the bat.
Your grab misses the bat.
Your tentacle-slap misses the bat.
Your squeeze misses the bat. The bat hits you.
You take 1 damage, and have 17/18 hp.
You barely miss the bat. Your grab misses the bat.
The bat hits you but does no damage. x2
You tentacle-slap the bat.
You kill the bat!
No target in view!
No target in view!
All of the chunks of flesh in your inventory have rotted away.
Found a stone staircase leading down.
Health restored: 18 You enter a teleport trap!
The teleport trap disappears.
Your surroundings suddenly seem different.
You see here a club.
Done exploring.
You see here a hand axe.
There is a stone staircase leading down here.
You climb downwards.
There is a stone staircase leading up here.
An adder comes into view.
You see here a bread ration {@e1}.
One of your tentacles grows a vicious spike.
You now have 4/5 mp.
You see here a scroll labeled ZAPTOS XYULO.
You miss the adder. Your grab misses the adder.
Your tentacle spike misses the adder.
Your squeeze misses the adder. The adder barely misses you.
You miss the adder. Your grab misses the adder. The adder closely misses you.
The adder bites you.
You are poisoned.
The adder poisons you!
You take 3 damage, and have 15/18 hp.
You barely miss the adder. Your grab misses the adder.
Your squeeze misses the adder.
You feel sick. The adder barely misses you.
You take 1 damage, and have 14/18 hp.
You closely miss the adder. Your grab misses the adder.
Your tentacle spike misses the adder.
Your transformation is almost over.
The adder closely misses you.
You tentacle-slap the adder but do no damage.
You grab the adder.
You pierce the adder, but do no damage.
You constrict the adder.
You feel sick. The adder misses you.
You take 1 damage, and have 13/18 hp.
You barely miss the adder. You constrict the adder. The adder bites you.
The adder bites you.
You are lethally poisoned!
The adder poisons you!
You take 3 damage, and have 10/18 hp.
You barely miss the adder. You squeeze the adder.
You kill the adder!
You feel sick.
You take 1 damage, and have 9/18 hp.
You aren't carrying any potions.
You feel sick.
You see here an adder corpse.
You take 1 damage, and have 8/18 hp.
MP restored: 5 You feel sick.
Found an escape hatch in the ceiling.
Found a stone staircase leading up.
You take 1 damage, and have 7/18 hp.
You see here a scroll labeled JELLIO VEJO.
You feel sick.
You take 1 damage, and have 6/18 hp.
* * * LOW HITPOINT WARNING * * *
You feel sick.
You take 1 damage, and have 5/18 hp.
Your tentacle spike disappears.
* * * LOW HITPOINT WARNING * * *
You feel sick.
You take 1 damage, and have 5/18 hp.
* * * LOW HITPOINT WARNING * * *
You feel sick.
You take 1 damage, and have 4/18 hp.
* * * LOW HITPOINT WARNING * * *
You feel sick.
You take 1 damage, and have 3/18 hp.
* * * LOW HITPOINT WARNING * * *
You feel sick.
You take 1 damage, and have 2/18 hp.
* * * LOW HITPOINT WARNING * * *
You feel sick.
You take 1 damage, and have 1/18 hp.
Read which item? (? for menu, Esc to quit)
As you read the scroll labeled JELLIO VEJO, it crumbles to dust.
It is a scroll of identify.
Identify which item? (\ to view known items) (? for menu, Esc to quit)
e - a scroll of noise You die...

#.#... #?.....
.....# .....##
....... .....#
########.....##
#......@.......
##....####...###
#.....# #..#
#.....#### ..#
####.#.#..#... #
##......#......#
##................
#................#.
#..........<.......


There were no monsters in sight!

Vanquished Creatures
  An adder (D:2)
  A giant cockroach (D:1)
  3 hobgoblins (D:1)
  5 bats (D:1)
  2 giant newts (D:1)
  A kobold (D:1)
  A rat (D:1)
14 creatures vanquished.

Notes
Turn   | Place    | Note
--------------------------------------------------------------
     0 | D:1      | esc the Octopode Transmuter began the quest for the Orb.
     0 | D:1      | Reached XP level 1. HP: 13/13 MP: 3/3
   275 | D:1      | Reached XP level 2. HP: 16/18 MP: 3/5
   747 | D:2      | HP: 4/18 [poisoned by an adder]
   752 | D:2      | HP: 2/18 [poisoned by an adder]
   759 | D:2      | Succumbed to an adder's poison

Vault maps used:
D:1:      eino_arrival_water_cross
D:2:      lemuel_crystal_altar, gammafunk_temple_overflow_claw,
          lemuel_coloured_pillars_altar, grunt_temple_overflow_open,
          kennysheep_generic_room_3

Action                   || total
-------------------------++-------
Melee: Unarmed           ||    39
 Cast: Beastly Appendage ||     3
  Use: Scroll            ||     1
 Stab: Sleeping          ||     3

Vault maps used:
D:1:      eino_arrival_water_cross
D:2:      lemuel_crystal_altar, gammafunk_temple_overflow_claw,
          lemuel_coloured_pillars_altar, grunt_temple_overflow_open,
          kennysheep_generic_room_3

Table legend:
 A = Turns spent in this place as a percentage of turns spent in the entire game.
 B = Non-inter-level travel turns spent in this place as a percentage of non-inter-level travel turns spent in the entire game.
 C = Inter-level travel turns spent in this place as a percentage of turns spent in this place.
 D = Turns resting spent in this place as a percentage of non-inter-level travel turns spent in this place.
 E = Turns spent auto-exploring this place as a percentage of non-inter-level travel turns spent in this place.
 F = Non-inter-level travel turns spent in this place divided by the number of levels of this place that you've seen.
                   A       B       C       D       E      F
               +-------+-------+-------+-------+-------+----------------------
         Total | 100.0 | 100.0 |   0.5 |   2.2 |  11.0 |  91.0
       Dungeon | 100.0 | 100.0 |   0.5 |   2.2 |  11.0 |  91.0
               +-------+-------+-------+-------+-------+----------------------

Table legend:
 A = Kills in this place as a percentage of kills in entire the game.
 B = Kills by you in this place as a percentage of kills by you in the entire game.
 C = Kills by friends in this place as a percentage of kills by friends in the entire game.
 D = Other kills in this place as a percentage of other kills in the entire game.
 E = Experience gained in this place as a percentage of experience gained in the entire game.
 F = Experience gained in this place divided by the number of levels of this place that you have seen.
                   A       B       C       D       E      F
               +-------+-------+-------+-------+-------+----------------------
         Total | 100.0 | 100.0 |  -nan |  -nan | 100.0 |  15.0
       Dungeon | 100.0 | 100.0 |  -nan |  -nan | 100.0 |  15.0
               +-------+-------+-------+-------+-------+----------------------
